 Dungeon Crawl Stone Soup version 0.31-a0-152-g6aa68a64a1 (webtiles) character file.

Game seed: 1007591073842642310

589 qw the Shooter (level 7, -7/64 HPs)
             Began as a Naga Hunter on June 10, 2023.
             Was an Initiate of Okawaru.
             Mangled by a sleepcap (17 damage)
             ... on level 5 of the Dungeon.
             The game lasted 00:01:17 (3289 turns).

qw the Shooter (Naga Hunter)                        Turns: 3289, Time: 00:01:17

Health: -7/64      AC:  8    Str: 13    XL:     7   Next: 38%
Magic:  5/7        EV:  1    Int: 10    God:    Okawaru [......]
Gold:   339        SH:  0    Dex: 16    Spells: 6/6 levels left

rFire   + . .        Y - +0 shortbow
rCold   + + .        (shield currently unavailable)
rNeg    . . .        l - +1 robe {rC+}
rPois   +            (no helmet)
rElec   .            d - scarf {rC+ rF+}
rCorr   .            e - +2 pair of gloves
SInv    +            (no barding)
Will    .....        h - amulet of the acrobat
Stlth   +++          g - +5 ring of evasion
HPRegen 0.30/turn    (no ring)
MPRegen 0.10/turn

%: acrobat
@: about to teleport, sleeping, heroic, very slow
A: AC +2, large, see invisible, deformed body, poison resistance, slowness 2,
spit poison 1, naga tail 1
a: Spit Poison, Renounce Religion


You were on level 5 of the Dungeon.
You worshipped Okawaru.
Okawaru was noncommittal.
You visited 2 branches of the dungeon, and saw 6 of its levels.

You collected 339 gold pieces.


Innate Abilities, Weirdness & Mutations

Your serpentine skin is tough. (AC +2)
You have supernaturally acute eyesight. (SInv)
Armour fits poorly on your strangely shaped body.
Your system is resistant to poisons. (rPois)
You cover ground very slowly.
You can spit poison.
You have a snake-like lower body.


   Skills:
 - Level 4.1(9.1) Fighting
 + Level 6.8(11.8) Ranged Weapons
 - Level 2.6(7.6) Dodging
 - Level 1.5(6.5) Stealth


You had 6 spell levels left.
You didn't know any spells.
Your spell library was empty.

Inventory:

Hand Weapons
 Y - a +0 shortbow (weapon)
Armour
 d - a scarf of resistance (worn)
 e - a +2 pair of gloves (worn)
 l - a +1 robe of cold resistance (worn)
Jewellery
 g - a +5 ring of evasion (left hand)
 h - an amulet of the acrobat (around neck)
Scrolls
 a - 2 scrolls of teleportation
 b - 2 scrolls of enchant armour
Potions
 f - a potion of heal wounds {unknown}
 i - a potion of haste {unknown}
 j - 2 potions of curing
 k - a potion of magic {unknown}
 m - a potion of degeneration {unknown}

Dungeon Overview and Level Annotations

Branches:
Dungeon (5/15)             Temple (1/1) D:4

Altars:
Ashenzari
Cheibriados
Dithmenos
Gozag
Hepliaklqana
Nemelex Xobeh
Okawaru
Qazlal
Ru
Sif Muna
Trog
Xom

Shops:
D:1 (


Message History

Press: ? - help, Shift-Dir - straight line, f/p - ogre The splash of poison hits the ogre!
You kill the ogre!
Okawaru is honoured by your kill.
You can now gain great but temporary skills.
The orc closely misses you. The iguana closely misses you.
Your Dodging skill increases to level 2!
3280 ||| INVOKING Heroism.
You gain the combat prowess of a mighty hero.
You can no longer gain great but temporary skills.
The orc barely misses you. The iguana barely misses you.
You shoot an arrow. The arrow hits the iguana!
The iguana is heavily wounded.
The orc closely misses you. The iguana misses you.
You shoot an arrow. The arrow barely misses the iguana.
Your surroundings suddenly seem different.
A sleepcap and an orc come into view.
You have got your breath back.
3283 ||| INVOKING Spit Poison.
Aiming: Spit Poison (1% risk of failure)
Press: ? - help, Shift-Dir - straight line, f - orc The splash of poison misses the orc.
You shoot an arrow.
The arrow hits the sleepcap but does no damage.
You shoot an arrow. The arrow hits the sleepcap!
The sleepcap is moderately damaged.
3286 ||| READING 3 scrolls of teleportation.
As you read the scroll of teleportation, it crumbles to dust.
You feel strangely unstable.
You shoot an arrow. The arrow hits the sleepcap.
The sleepcap is moderately damaged.
The sleepcap barely misses you.
You shoot an arrow. The arrow hits the sleepcap.
The sleepcap is severely damaged.
The orc barely misses you. The sleepcap releases spores at you.
You are engulfed in a cloud of soporific spores!
You fall asleep.
You have got your breath back.
The sleepcap releases spores at you!
You die...

####...##....#
. #...
#.##...##. ....
#..# ##..# ....
###..##
####...o.######
......f@.......
##..#######..##


You could see a sleepcap and an orc.

Vanquished Creatures
  Duvessa (D:4)
  2 ogres
  Dowan (D:4)
  2 hounds
  An iguana (D:4)
  A sleepcap (D:4)
  3 adders
  4 gnolls (D:3)
  2 worms
  A dart slug (D:1)
  3 orcs (D:3)
  6 ball pythons
  9 endoplasms
  2 giant cockroaches (D:2)
  11 goblins
  4 hobgoblins
  A jackal (D:2)
  8 kobolds
  3 quokkas (D:2)
  7 bats
  6 frilled lizards
  7 rats
85 creatures vanquished.

Notes
Turn   | Place    | Note
-------+----------+-------------------------------------------
     0 | D:1      | qw the Naga Hunter began the quest for the Orb.
     0 | D:1      | Reached XP level 1. HP: 19/19 MP: 1/1
     0 | D:1      | 0 ||| qw: Version: 0.2-a-123-gb51047a
     0 | D:1      | 0 ||| qw: Game counter: 3794
     0 | D:1      | 0 ||| qw: Always use a shield: true
     0 | D:1      | 0 ||| qw: God list: Okawaru
     0 | D:1      | 0 ||| qw: Allow faded altars: false
     0 | D:1      | 0 ||| qw: Do Orc after D:15 true
     0 | D:1      | 0 ||| qw: Do second Lair branch before Depths: true
     0 | D:1      | 0 ||| qw: Lair rune preference: random
     0 | D:1      | 0 ||| qw: Plans: Normal
     0 | D:1      | 0 ||| PLANNING D:1-11
    11 | D:1      | 11 ||| INVOKING Spit Poison.
    14 | D:1      | 14 ||| INVOKING Spit Poison.
    18 | D:1      | 18 ||| INVOKING Spit Poison.
    24 | D:1      | Found Doluwon's Weapon Shop.
    54 | D:1      | 54 ||| INVOKING Spit Poison.
    60 | D:1      | 60 ||| INVOKING Spit Poison.
    63 | D:1      | 63 ||| INVOKING Spit Poison.
   142 | D:1      | 142 ||| INVOKING Spit Poison.
   146 | D:1      | 146 ||| INVOKING Spit Poison.
   148 | D:1      | Reached skill level 4 in Ranged Weapons
   148 | D:1      | Reached XP level 2. HP: 26/26 MP: 2/2
   274 | D:1      | 274 ||| INVOKING Spit Poison.
   280 | D:1      | 280 ||| INVOKING Spit Poison.
   328 | D:1      | 328 ||| INVOKING Spit Poison.
   402 | D:1      | 402 ||| INVOKING Spit Poison.
   406 | D:1      | 406 ||| INVOKING Spit Poison.
   483 | D:1      | 483 ||| UPGRADING to +1 pair of gloves.
   488 | D:1      | 488 ||| UPGRADING to amulet of the acrobat.
   493 | D:1      | 493 ||| READING scroll labelled DUALUEHUNUY.
   494 | D:1      | 494 ||| READING scroll labelled WIMACO JOARHIM.
   495 | D:1      | 495 ||| READING scroll labelled MEJAOQ QUIL.
   500 | D:1      | 500 ||| DROPPING scroll of butterflies.
   515 | D:2      | 515 ||| INVOKING Spit Poison.
   527 | D:2      | 527 ||| INVOKING Spit Poison.
   539 | D:2      | You fall into a shaft and drop 1 floor!
   546 | D:3      | 546 ||| INVOKING Spit Poison.
   551 | D:3      | 551 ||| INVOKING Spit Poison.
   553 | D:3      | Reached XP level 3. HP: 28/32 MP: 3/3
   555 | D:3      | 555 ||| INVOKING Spit Poison.
   556 | D:3      | 556 ||| INVOKING Spit Poison.
   605 | D:3      | 605 ||| INVOKING Spit Poison.
   608 | D:3      | 608 ||| INVOKING Spit Poison.
   614 | D:3      | 614 ||| READING scroll labelled VINTEI EBENN.
   619 | D:3      | 619 ||| FLEEEEING.
   620 | D:3      | 620 ||| STAIRDANCE
   622 | D:2      | 622 ||| INVOKING Spit Poison.
   625 | D:2      | 625 ||| INVOKING Spit Poison.
   658 | D:2      | 658 ||| INVOKING Spit Poison.
   665 | D:2      | 665 ||| INVOKING Spit Poison.
   671 | D:2      | 671 ||| INVOKING Spit Poison.
   787 | D:2      | 787 ||| INVOKING Spit Poison.
   817 | D:2      | 817 ||| INVOKING Spit Poison.
   823 | D:2      | 823 ||| INVOKING Spit Poison.
   846 | D:2      | 846 ||| INVOKING Spit Poison.
   889 | D:2      | Reached skill level 5 in Ranged Weapons
   896 | D:2      | 896 ||| INVOKING Spit Poison.
   897 | D:2      | Reached XP level 4. HP: 39/39 MP: 4/4
  1038 | D:2      | 1038 ||| INVOKING Spit Poison.
  1045 | D:2      | 1045 ||| INVOKING Spit Poison.
  1055 | D:2      | 1055 ||| INVOKING Spit Poison.
  1058 | D:2      | 1058 ||| INVOKING Spit Poison.
  1062 | D:2      | 1062 ||| INVOKING Spit Poison.
  1124 | D:2      | 1124 ||| INVOKING Spit Poison.
  1244 | D:2      | 1244 ||| INVOKING Spit Poison.
  1249 | D:2      | 1249 ||| INVOKING Spit Poison.
  1260 | D:2      | 1260 ||| INVOKING Spit Poison.
  1264 | D:2      | 1264 ||| READING scroll of enchant armour.
  1264 | D:2      | 1264 ||| ENCHANTING +1 pair of gloves.
  1358 | D:2      | 1358 ||| UPGRADING to +5 ring of evasion.
  1359 | D:2      | 1359 ||| READING scroll labelled BOSTRO POESSYE.
  1360 | D:2      | 1360 ||| READING scroll labelled XEECVIWNYU.
  1361 | D:2      | 1361 ||| READING scroll labelled HOPA GUAME.
  1402 | D:3      | Found a broken altar of Ashenzari.
  1416 | D:3      | 1416 ||| INVOKING Spit Poison.
  1421 | D:3      | 1421 ||| INVOKING Spit Poison.
  1422 | D:3      | Reached skill level 3 in Fighting
  1425 | D:3      | 1425 ||| INVOKING Spit Poison.
  1446 | D:3      | Reached XP level 5. HP: 49/49 MP: 5/5
  1561 | D:3      | 1561 ||| INVOKING Spit Poison.
  1715 | D:3      | 1715 ||| INVOKING Spit Poison.
  1719 | D:3      | 1719 ||| INVOKING Spit Poison.
  1722 | D:3      | 1722 ||| INVOKING Spit Poison.
  1814 | D:3      | 1814 ||| INVOKING Spit Poison.
  1817 | D:3      | 1817 ||| INVOKING Spit Poison.
  1939 | D:3      | 1939 ||| DRINKING 2 black potions.
  1940 | D:3      | 1940 ||| DROPPING potion of enlightenment.
  1964 | D:4      | 1964 ||| INVOKING Spit Poison.
  2022 | D:4      | 2022 ||| INVOKING Spit Poison.
  2038 | D:4      | 2038 ||| INVOKING Spit Poison.
  2049 | D:4      | 2049 ||| INVOKING Spit Poison.
  2054 | D:4      | 2054 ||| INVOKING Spit Poison.
  2059 | D:4      | 2059 ||| INVOKING Spit Poison.
  2109 | D:4      | Found a shimmering blue altar of Sif Muna.
  2179 | D:4      | Noticed an ogre
  2180 | D:4      | 2180 ||| INVOKING Spit Poison.
  2185 | D:4      | 2185 ||| INVOKING Spit Poison.
  2186 | D:4      | Killed an ogre
  2187 | D:4      | Reached skill level 6 in Ranged Weapons
  2187 | D:4      | Reached XP level 6. HP: 56/56 MP: 6/6
  2213 | D:4      | Found a staircase to the Ecumenical Temple.
  2214 | D:4      | 2214 ||| PLANNING TEMPLE
  2214 | D:4      | 2214 ||| UPGRADING to scarf of resistance.
  2227 | Temple   | Entered the Ecumenical Temple
  2252 | Temple   | 2252 ||| PLANNING OKAWARU WORSHIP
  2429 | Temple   | Became a worshipper of Warmaster Okawaru
  2429 | Temple   | 2429 ||| PLANNING D:1-11
  2453 | D:4      | 2453 ||| INVOKING Spit Poison.
  2490 | D:4      | Found a shadowy altar of Dithmenos.
  2558 | D:4      | Noticed Duvessa
  2559 | D:4      | Noticed Dowan
  2561 | D:4      | 2561 ||| INVOKING Spit Poison.
  2564 | D:4      | 2564 ||| INVOKING Spit Poison.
  2569 | D:4      | 2569 ||| INVOKING Spit Poison.
  2570 | D:4      | Killed Duvessa
  2572 | D:4      | 2572 ||| INVOKING Spit Poison.
  2573 | D:4      | HP: 11/57 [Dowan/shard of ice (7)]
  2574 | D:4      | 2574 ||| READING 4 scrolls of teleportation.
  2770 | D:4      | 2770 ||| INVOKING Spit Poison.
  2774 | D:4      | 2774 ||| INVOKING Spit Poison.
  2781 | D:4      | 2781 ||| INVOKING Spit Poison.
  2783 | D:4      | Killed Dowan
  2897 | D:4      | 2897 ||| INVOKING Spit Poison.
  2902 | D:4      | 2902 ||| INVOKING Spit Poison.
  2905 | D:4      | Reached XP level 7. HP: 64/64 MP: 7/7
  2914 | D:4      | 2914 ||| INVOKING Spit Poison.
  2920 | D:4      | 2920 ||| INVOKING Spit Poison.
  2938 | D:4      | 2938 ||| INVOKING Spit Poison.
  3184 | D:4      | 3184 ||| UPGRADING to +1 robe of cold resistance.
  3194 | D:4      | 3194 ||| DROPPING +0 leather armour.
  3195 | D:4      | 3195 ||| READING scroll labelled QAXZAM HAM LYK.
  3196 | D:4      | 3196 ||| READING scroll labelled PISA ROFAGAGYG.
  3235 | D:5      | Entered Level 5 of the Dungeon
  3243 | D:5      | 3243 ||| INVOKING Spit Poison.
  3247 | D:5      | 3247 ||| INVOKING Spit Poison.
  3272 | D:5      | 3272 ||| INVOKING Spit Poison.
  3277 | D:5      | HP: 16/64 [iguana (11)]
  3278 | D:5      | 3278 ||| READING 4 scrolls of teleportation.
  3279 | D:5      | 3279 ||| INVOKING Spit Poison.
  3279 | D:5      | Reached * piety under Okawaru
  3280 | D:5      | 3280 ||| INVOKING Heroism.
  3283 | D:5      | 3283 ||| INVOKING Spit Poison.
  3286 | D:5      | 3286 ||| READING 3 scrolls of teleportation.
  3288 | D:5      | HP: 10/64 [sleepcap (5)]
  3289 | D:5      | Mangled by a sleepcap

Levels and vault maps discovered:
D:1:      eino_arrival_tree_alley, layout_basic, serial_shops,
          nicolae_lakefront_shop
D:2:      minmay_wonky_spiral, layout_loops_ring, minmay_pentomino_t2
D:3:      layout_basic, mainiacjoe_overflow_boulevard
D:4:      layout_basic, nicolae_dithmenos_through_a_glass_darkly,
          lemuel_tele_altar, minmay_temple_entry_trees, uniq_duvessa
D:5:      layout_rooms, dreamdust_divine_triumvirate, item_on_display_a
Temple:   nicolae_temple_bog_church

Skill      XL: |  1  2  3  4  5  6  7 |
---------------+----------------------+-----
Ranged Weapons | 4 5 6 |  6.8
Fighting       | 3 4 |  4.1
Dodging        | 2 |  2.6
Stealth        | |  1.5

Action                     |  1- 3 |  4- 6 |  7- 9 || total
---------------------------+-------+-------+-------++-------
   Fire: Shortbow          |    61 |   104 |    27 ||   192
 Invoke: Heroism           |       |       |     1 ||     1
Ability: Spit Poison       |    30 |    36 |     8 ||    74
    Use: Scroll            |     4 |     5 |     4 ||    13
         Potion            |       |     1 |       ||     1
 Armour: Leather armour    |    10 |     5 |       ||    15
  Dodge: Dodged            |    21 |    26 |    18 ||    65

Table legend:
 A = Non-vault XP
 B = Vault XP
 C = Vault XP percentage of total XP
 D = Non-vault monster count
 E = Vault monster count
 F = Vault count percentage of total count
                 A         B        C        D         E       F
            +---------+---------+-------+---------+---------+-------
      Total |     613 |     229 |  27.2 |      78 |       7 |   8.2
            +---------+---------+-------+---------+---------+-------
        D:1 |      27 |       0 |   0.0 |      16 |       0 |   0.0
        D:2 |      49 |       7 |  12.5 |      22 |       5 |  18.5
        D:3 |     112 |       0 |   0.0 |      20 |       0 |   0.0
        D:4 |     267 |     222 |  45.4 |      18 |       2 |  10.0
        D:5 |     158 |       0 |   0.0 |       2 |       0 |   0.0
            +---------+---------+-------+---------+---------+-------
